 Dungeon Crawl Stone Soup version 0.26.1-11-gd32895ea62 (webtiles) character file.

Game seed: 1997215451677385326

11572 DildoBatman the Dealer of Despair (level 12, -3/77 (86) HPs)
             Began as a Formicid Conjurer on July 21, 2021.
             Was an Elder of Kikubaaqudgha.
             Slain by a rust devil (10 damage)
             ... summoned by an orc high priest
             ... on level 2 of the Orcish Mines.
             The game lasted 00:52:19 (12906 turns).

DildoBatman the Dealer of Despair (FoCj)           Turns: 12906, Time: 00:52:19

HP:   -3/77 (86)    AC:  0    Str: 12    XL:     12   Next: 9%
MP:   12/24         EV: 13    Int: 25    God:    Kikubaaqudgha [****..]
Gold: 1259          SH:  0    Dex: 19    Spells: 7/27 levels left

rFire    . . .     SeeInvis +   a - +2 long sword
rCold    . . .     Faith    .   (no shield)
rNeg     . . .     Spirit   .   o - +3 troll leather armour
rPois    .         Reflect  .   (helmet unavailable)
rElec    .         Harm     .   P - +1 cloak
rCorr    .         Rampage  .   O - +0 pair of gloves
Will     +....                  (no boots)
Stlth    ++........             (no amulet)
HPRegen  0.62/turn              E - +6 ring of intelligence
MPRegen  0.19/turn              M - +6 ring of dexterity

@: corroded, heavily drained
A: permanent stasis, dig shafts and tunnels, four strong arms, antennae 3
a: Dig, Shaft Self, Renounce Religion, Receive Corpses


You were on level 2 of the Orcish Mines.
You worshipped Kikubaaqudgha.
Kikubaaqudgha was greatly pleased with you.
You visited 3 branches of the dungeon, and saw 13 of its levels.

You collected 1273 gold pieces.
You spent 14 gold pieces at shops.

Inventory:

Hand Weapons
 a - a +2 long sword (weapon)
 b - a +4 halberd
 c - a +0 hunting sling
 d - a +2 halberd of venom
 e - a +1 hand axe of electrocution
 R - a +1 trident of protection
Missiles
 f - 34 sling bullets
 i - 7 curare-tipped darts
 j - 115 bolts
 p - 226 arrows
 t - 26 poisoned darts (quivered)
 F - 32 boomerangs
 H - 3 throwing nets
 L - 335 stones
Armour
 g - a +1 robe
 o - a +3 troll leather armour (worn)
 O - a +0 pair of gloves (worn)
 P - a +1 cloak (worn)
Magical Staves
 I - an uncursed staff of cold
 S - an uncursed staff of conjuration {unknown}
Jewellery
 r - an uncursed ring of resist corrosion
 A - an uncursed ring of poison resistance
 E - a +6 ring of intelligence (left hand)
 G - an uncursed ring of fire
 M - a +6 ring of dexterity (right hand)
Wands
 J - a wand of acid (8)
 N - a wand of digging (6)
Scrolls
 h - 6 scrolls of enchant weapon {unknown}
 k - 6 scrolls of fear {unknown}
 s - 3 scrolls of fog {unknown}
 v - a scroll of blinking {unknown}
 w - a scroll of amnesia {unknown}
 x - 3 scrolls of remove curse
 y - 3 scrolls of immolation
 z - 3 scrolls of identify
 C - a scroll of magic mapping
Potions
 l - a potion of ambrosia {unknown}
 m - a potion of flight {unknown}
 n - 3 potions of resistance {unknown}
 q - a potion of cancellation {unknown}
 u - a potion of might {unknown}
 B - 2 potions of curing
 D - a potion of brilliance {unknown}
 K - 3 potions of heal wounds
 Q - 3 potions of lignification


   Skills:
 - Level 5.0 Fighting
 - Level 5.0 Armour
 - Level 3.0 Dodging
 - Level 2.4 Stealth
 - Level 8.0 Spellcasting
 - Level 6.0 Conjurations
 - Level 10.8 Necromancy
 - Level 6.0 Fire Magic
 * Level 8.2 Earth Magic


You had 7 spell levels left.
You knew the following spells:

 Your Spells              Type           Power        Failure   Level
a - Borgnjor's Vile Clut  Necr/Erth      27%          4%          5
b - Conjure Flame         Conj/Fire      40%          1%          3
c - Searing Ray           Conj           80%          1%          2
d - Vampiric Draining     Necr           29%          1%          3
f - Magic Dart            Conj           100%         1%          1
h - Dispel Undead         Necr           59%          1%          4
z - Sublimation of Blood  Necr           29%          1%          2

Your spell library contained the following spells:

 Spells                   Type           Power        Failure   Level
 Animate Skeleton         Necr           100%         1%          1
 Foxfire                  Conj/Fire      100%         1%          1
 Pain                     Necr           100%         1%          1
 Excruciating Wounds      Necr           29%          2%          5
 Sticky Flame             Conj/Fire      40%          6%          4
 Dazzling Flash           Conj/Hex       50%          7%          3
 Inner Flame              Hex/Fire       25%          7%          3
 Death Channel            Necr           29%          14%         6
 Fireball                 Conj/Fire      20%          19%         5
 Fulminant Prism          Conj/Hex       12%          22%         4
 Iskenderun's Mystic Bla  Conj/Tloc      25%          22%         4
 Simulacrum               Ice/Necr       18%          77%         6


Dungeon Overview and Level Annotations

Branches:
Dungeon (10/15)            Temple (1/1) D:7             Orc (2/2) D:9
    Elf (0/3) Orc:2
   Lair: D:8-11

Altars:
Ashenzari
Cheibriados
Dithmenos
Elyvilon
Fedhas
Gozag
Hepliaklqana
Kikubaaqudgha
Makhleb
Nemelex Xobeh
Okawaru
Qazlal
Ru
Sif Muna
Trog
Uskayaw
Vehumet
Wu Jian
Xom
Yredelemnul
Zin
The Shining One
Beogh

Shops:
D:5 :!   D:10 =!(}[


Innate Abilities, Weirdness & Mutations

You cannot be hasted, slowed, berserked, paralysed or teleported.
You can dig through walls and to a lower floor.
Your four strong arms can wield two-handed weapons with a shield.
You have a pair of large antennae on your head. (SInv)


Message History

The rust devil is moderately wounded.
The searing ray hits the red devil!
The red devil is heavily wounded.
The searing ray hits the orc high priest!
The orc high priest is heavily wounded.
The searing ray hits the orc priest!
You kill the orc priest!
Kikubaaqudgha accepts your kill. (Press . to maintain the ray.)
The zombie hands constrict the orc high priest.
The zombie hands constrict the red devil!
The zombie hands constrict the rust devil.
The orc wizard gestures at itself while chanting.
The orc wizard flickers and vanishes for a moment.
The red devil hits you from afar with a +1 demon trident of draining!!
You feel drained.
An orc priest comes into view. It is wielding a +0 falchion.
The rust devil hits you!
You die...
Kikubaaqudgha rasps: "You have failed me!
Welcome... death!"

###### # ##.##.###
#......#.
###.....#..
##.#........
#........... #####
##.#........ #@#.#
##.........
##4#####.#........
##4#.#...........
##o.{...o.......
###o............
##...oo#.#..{oo..
#......##...4)...
##.#...o)..######
##....#..## {{


You could see an orc high priest (clutched), a rust devil (summoned, clutched),
a red devil (summoned, clutched), 2 orc priests, an orc wizard (invisible) and
an orc.

Vanquished Creatures
  The ghost of Almogavar the Carver, a journeyman DsBe of Trog (Orc:2)
  A two-headed ogre (D:9)
  A deep elf mage (D:9)
  An orc sorcerer (Orc:1)
  Maurice (D:8)
  The ghost of H0rd4k the Thaumaturge, a novice DEEE of Gozag (D:5)
  4 trolls
  A wyvern (D:9)
  3 wraiths (D:10)
  6 yaks (D:9)
  A warg (Orc:1)
  A black bear (D:10)
  17 orc warriors
  2 sky beasts
  4 necrophages
  9 ogres
  5 centaurs
  Blork the orc (D:5)
  2 bullfrogs
  A big kobold (D:10)
  A scorpion (D:8)
  3 killer bees (D:7)
  9 wights
  2 bullfrog zombies (D:9)
  2 centaur zombies
  5 quasits
  19 orc priests
  6 hounds
  2 jellies
  2 bullfrog skeletons
  3 iguanas
  20 orc wizards
  6 worker ants
  A hound zombie (D:5)
  A hound skeleton (D:5)
  A worker ant zombie (D:9)
  11 gnolls
  13 adders
  2 white imps
  An ufetubus (D:9)
  An adder skeleton (D:8)
  A worm (D:2)
  A dart slug (D:1)
  7 leopard geckos
  55 orcs
  8 bats
  5 giant cockroaches
  5 goblins
  4 hobgoblins
  6 jackals
  11 kobolds
  3 quokkas
  A ball python (D:2)
  6 frilled lizards
  A jackal zombie (D:7)
  10 rats
298 creatures vanquished.

Vanquished Creatures (others)
  2 plants (D:5)
  16 withered plants (D:9)
18 creatures vanquished.

Grand Total: 316 creatures vanquished

Notes
Turn   | Place    | Note
-------+----------+-------------------------------------------
     0 | D:1      | DildoBatman the Formicid Conjurer began the quest for the
                  | Orb.
     0 | D:1      | Reached XP level 1. HP: 13/13 MP: 3/3
   194 | D:1      | Reached XP level 2. HP: 19/19 MP: 1/5
   197 | D:1      | Learned a level 2 spell: Searing Ray
   466 | D:1      | Reached XP level 3. HP: 24/24 MP: 1/6
  1007 | D:2      | Reached XP level 4. HP: 31/31 MP: 2/7
  1493 | D:3      | Found a radiant altar of Vehumet.
  1655 | D:3      | Reached skill level 1 in Fighting
  1751 | D:3      | You fall into a shaft and drop 3 floors!
  1804 | D:5      | Entered Level 5 of the Dungeon
  1804 | D:5      | Found Cureowun's Distillery.
  1832 | D:5      | Bought a potion of degeneration for 14 gold pieces
  1878 | D:5      | Found a transporter.
  1905 | D:5      | Noticed a sky beast
  1925 | D:5      | Found Zytsumia's Book Shoppe.
  1940 | D:5      | Found a transporter.
  1955 | D:5      | Reached skill level 1 in Armour
  1955 | D:5      | Reached XP level 5. HP: 25/37 MP: 2/8
  2104 | D:5      | Noticed Blork the orc
  2810 | D:4      | Reached skill level 5 in Conjurations
  3039 | D:4      | Reached XP level 6. HP: 28/44 MP: 5/10
  3332 | D:4      | Noticed an ogre
  3337 | D:4      | Killed an ogre
  3367 | D:4      | Reached XP level 7. HP: 50/50 MP: 6/13
  3826 | D:5      | Noticed H0rd4k's ghost (novice DEEE)
  4016 | D:5      | Reached skill level 5 in Spellcasting
  4564 | D:6      | Reached XP level 8. HP: 53/56 MP: 8/17
  5669 | D:7      | Found a staircase to the Ecumenical Temple.
  5701 | Temple   | Entered the Ecumenical Temple
  5784 | Temple   | Became a worshipper of Kikubaaqudgha
  5820 | D:7      | Reached skill level 1 in Necromancy
  5837 | D:7      | Reached skill level 2 in Necromancy
  6081 | D:7      | Found a burning altar of Makhleb.
  6112 | D:7      | Reached skill level 3 in Necromancy
  6222 | D:7      | Reached skill level 4 in Necromancy
  6305 | D:7      | Noticed a troll
  6414 | D:6      | Reached skill level 5 in Necromancy
  6414 | D:6      | Reached XP level 9. HP: 47/61 MP: 14/19
  6567 | D:6      | Reached skill level 6 in Necromancy
  6889 | D:7      | Killed a troll
  6890 | D:7      | Reached skill level 7 in Necromancy
  7763 | D:8      | Reached * piety under Kikubaaqudgha
  7763 | D:8      | Identified Kikubaaqudgha's Compendium of Evil Rituals
                  | (Kikubaaqudgha gifted it to you on level 8 of the Dungeon)
  7763 | D:8      | Received a gift from Kikubaaqudgha
  7768 | D:8      | Learned a level 2 spell: Sublimation of Blood
  7772 | D:8      | Learned a level 3 spell: Vampiric Draining
  8150 | D:9      | Reached skill level 8 in Necromancy
  8158 | D:9      | Reached skill level 9 in Necromancy
  8162 | D:9      | Reached XP level 10. HP: 40/69 MP: 1/20
  8338 | D:9      | Noticed a two-headed ogre
  8357 | D:9      | Learned a level 3 spell: Conjure Flame
  8366 | D:9      | Reached skill level 1 in Fire Magic
  8561 | D:9      | Reached skill level 5 in Fire Magic
  8587 | D:9      | Noticed a deep elf mage
  8652 | D:9      | Killed a deep elf mage
  8844 | D:9      | Reached ** piety under Kikubaaqudgha
  9159 | D:9      | Found a staircase to the Orcish Mines.
  9305 | D:9      | Reached skill level 5 in Fighting
  9317 | D:9      | Found a roughly hewn altar of Beogh.
  9546 | D:9      | Found a shadowy altar of Dithmenos.
  9633 | D:9      | Killed a two-headed ogre
  9634 | D:9      | Reached skill level 5 in Armour
  9634 | D:9      | Reached XP level 11. HP: 49/79 MP: 13/22
  9966 | D:5      | Killed Blork the orc
 10330 | D:5      | Killed H0rd4k's ghost
 10542 | D:8      | Noticed Maurice
 10579 | D:8      | Killed Maurice
 10589 | D:8      | Noticed a boulder beetle
 10698 | D:10     | Entered Level 10 of the Dungeon
 10698 | D:10     | Found Jicusas's Distillery.
 10738 | D:10     | Reached skill level 10 in Necromancy
 10942 | D:10     | Found Roomi's Weapon Shop.
 10967 | D:10     | Found Dem Afum's Jewellery Boutique.
 11157 | D:10     | Reached *** piety under Kikubaaqudgha
 11157 | D:10     | Identified Kikubaaqudgha's Catalogue of Dark Magic
                  | (Kikubaaqudgha gifted it to you on level 10 of the Dungeon)
 11157 | D:10     | Received a gift from Kikubaaqudgha
 11198 | D:10     | Found Xacirch's Armour Shoppe.
 11204 | D:10     | Learned a level 4 spell: Dispel Undead
 11210 | D:10     | Learned a level 5 spell: Borgnjor's Vile Clutch
 11212 | D:10     | Found Ymuogew's Gadget Emporium.
 11248 | D:10     | Reached skill level 1 in Earth Magic
 11637 | Orc:1    | Entered Level 1 of the Orcish Mines
 11715 | Orc:1    | Reached **** piety under Kikubaaqudgha
 11750 | Orc:1    | Reached skill level 5 in Earth Magic
 12035 | Orc:1    | Noticed an orc sorcerer
 12052 | Orc:1    | Killed an orc sorcerer
 12228 | Orc:2    | Entered Level 2 of the Orcish Mines
 12432 | Orc:2    | Found a staircase to the Elven Halls.
 12678 | Orc:2    | Found a large runed translucent door.
 12682 | Orc:2    | Found a large runed translucent door.
 12685 | Orc:2    | Noticed Almogavar's ghost (journeyman DsBe)
 12811 | Orc:2    | Killed Almogavar's ghost
 12812 | Orc:2    | Reached XP level 12. HP: 64/86 MP: 0/24
 12878 | Orc:2    | Noticed an orc high priest
 12906 | Orc:2    | Slain by a rust devil

Illustrated notes

Levels and vault maps discovered:
D:1:      dpeg_arrival_three_same_balls, layout_basic
D:2:      layout_rooms, kennysheep_generic_room_2
D:3:      layout_basic, lemuel_statue_altar
D:4:      layout_rooms
D:5:      layout_rooms, serial_shops, nicolae_shop_stone, kennysheep_mini_moat,
          gammafunk_ghost_stat_death, serial_bayou_pond_b, minivault_25,
          uniq_blork_the_orc
D:6:      layout_loops_corners, supply_closet_lemuel, minmay_tree_intersection
D:7:      layout_gridville, old_standard_altar, minmay_temple_entry_junction_2,
          serial_co_window_serial, co_window_corner_a, co_window_paths_a,
          co_window_corner_a, co_window_of_opportunity_a,
          co_window_of_opportunity_a, co_window_corner_a, co_window_2corner,
          co_window_broadway_b, co_window_paths_c, co_window_unsneaky_path_d,
          co_window_unsneaky_path_e, co_window_paths_c, co_window_paths_d,
          co_window_paths_e, glass_columns_a
D:8:      minmay_klotski, layout_basic, uniq_maurice
D:9:      layout_loops_ring, minmay_orc_entry_temple_small, serial_undead,
          serial_undead_b, serial_undead_b, serial_undead_c, serial_undead_b,
          serial_undead_c, serial_undead_f, grunt_dithmenos_smoke
D:10:     layout_gridville, serial_shops, nicolae_shop_trees, shop_statue, shop,
          nicolae_shop_trees, nicolae_shop_window_shopping
Temple:   dpeg_three_leaves_temple
Orc:1:    layout_diamond_mine
Orc:2:    st_orc_mages, layout_diamond_mine, ebering_ghost_disaster_area

Skill      XL: |  1  2  3  4  5  6  7  8  9 10 11 |
---------------+----------------------------------+-----
Conjurations   | 4 5 6 |  6.0
Fighting       | 1 2 5 |  5.0
Armour         | 1 2 5 |  5.0
Spellcasting   | 3 4 6 7 8 |  8.0
Necromancy     | 5 9 10 | 10.8
Dodging        | 2 3 |  3.0
Fire Magic     | 6 |  6.0
Earth Magic    | 8 |  8.2
Stealth        | |  2.4

Action                   |  1- 3 |  4- 6 |  7- 9 | 10-12 || total
-------------------------+-------+-------+-------+-------++-------
Melee: Dagger            |    29 |    26 |     9 |       ||    64
       Long sword        |       |       |       |   117 ||   117
       Halberd           |       |       |       |    12 ||    12
 Fire: Hunting sling     |       |       |       |     6 ||     6
Throw: Dart              |       |       |     4 |       ||     4
 Cast: Magic Dart        |    24 |    19 |    41 |    27 ||   111
       Searing Ray       |     6 |    20 |    54 |    78 ||   158
       Conjure Flame     |       |       |       |    12 ||    12
       Vampiric Draining |       |       |       |    28 ||    28
       Sublimation of Bl |       |       |       |     7 ||     7
       Borgnjor's Vile C |       |       |       |    19 ||    19
       Dispel Undead     |       |       |       |     5 ||     5
 Abil: Dig               |     6 |    12 |    25 |    36 ||    79
  Use: Scroll            |       |     5 |     6 |     4 ||    15
 Stab: Sleeping          |     4 |     1 |       |       ||     5
Armor: Robe              |     5 |     5 |     9 |    35 ||    54
       Troll leather arm |       |       |       |    58 ||    58
Dodge: Dodged            |    17 |    22 |    35 |   202 ||   276
       Rpst.: Long sword |       |       |       |    52 ||    52
